 Dungeon Crawl Stone Soup version 0.28-b1-25-g9875b3fc8c (webtiles) character file.

Game seed: 3908984969873819221

125 sanka the Insei (level 5, -1/30 HPs)
             Began as a Kobold Warper on Feb 7, 2022.
             Slain by an orc priest (6 damage)
             ... on level 2 of the Dungeon.
             The game lasted 00:04:49 (4806 turns).

sanka the Insei (Kobold Warper)                     Turns: 4806, Time: 00:04:49

Health: -1/30      AC:  3    Str:  8    XL:     5   Next: 30%
Magic:  8/8        EV: 14    Int: 17    God:
Gold:   143        SH:  0    Dex: 14    Spells: 6/8 levels left

rFire   . . .      SeeInvis .     - Unarmed
rCold   . . .      Faith    .   (no shield)
rNeg    . . .      Spirit   .   a - +0 leather armour
rPois   .          Reflect  .   (no helmet)
rElec   .          Harm     .   (no cloak)
rCorr   .          Rampage  .   (no gloves)
Will    .....                   (no boots)
Stlth   ++........              (no amulet)
HPRegen 0.10/turn               (no ring)
MPRegen 0.11/turn               (no ring)

@: no status effects
A: small, no large weapons, nightstalker 3
a: no special abilities


You were on level 2 of the Dungeon.
You visited 1 branch of the dungeon, and saw 3 of its levels.

You collected 143 gold pieces.

Inventory:

Missiles
 c - 5 boomerangs of dispersal (quivered)
 g - 2 throwing nets
Armour
 a - a +0 leather armour (worn)
Jewellery
 i - a ring of resist corrosion
Scrolls
 b - a scroll of blinking
 d - a scroll of vulnerability {unknown}
 e - a scroll of acquirement {unknown}
 f - a scroll of magic mapping {unknown}
 h - 2 scrolls of identify {unknown}


   Skills:
 - Level 2.1 Fighting
 - Level 1.1 Throwing
 - Level 0.7 Armour
 - Level 2.4 Dodging
 + Level 5.1 Unarmed Combat
 - Level 2.1 Spellcasting
 - Level 3.0 Translocations


You had 6 spell levels left.
You knew the following spells:

 Your Spells              Type           Power      Damage    Failure   Level
a - Blink                 Tloc           24%        N/A       12%         2

Your spell library contained the following spells:

 Spells                   Type           Power      Damage    Failure   Level
 Gell's Gravitas          Tloc           12%        N/A       24%         3
 Lesser Beckoning         Tloc           12%        N/A       24%         3
 Teleport Other           Tloc           12%        N/A       24%         3
 Manifold Assault         Tloc           12%        N/A       91%         5


Dungeon Overview and Level Annotations

Branches:
Dungeon (3/15)

Altars:
Ru

Annotations:
D:2 Natasha


Innate Abilities, Weirdness & Mutations

You are small and have problems with some larger weapons.
You are completely attuned to the shadows.


Message History

The orc priest shouts!
The orc priest closely misses you. The orc priest barely misses you.
There is a stone staircase leading up here.
The orc priest misses you.
You climb upwards.
Level annotation: Natasha
There is a stone staircase leading down here.
It was a potion of heal wounds.
You feel much better. The orc priest misses you.
You closely miss the orc priest. The orc priest barely misses you.
You barely miss the orc priest.
The orc priest hits you but does no damage.
You barely miss the orc priest.
The orc priest begins to cast a cantrip, but forgets the words!
You barely miss the orc priest. The orc priest closely misses you.
You closely miss the orc priest.
The orc priest hits you with a +0 hand axe.
You barely miss the orc priest.
You hit the orc priest but do no damage.
The orc priest miscasts a cantrip.
You hit the orc priest.
The orc priest is lightly wounded.
The orc priest invokes the aid of Beogh against you.
Beogh smites you!
You hit the orc priest.
The orc priest is lightly wounded.
The orc priest hits you with a +0 hand axe.
You hit the orc priest.
The orc priest is heavily wounded.
The orc priest calls down the wrath of Beogh upon you.
Beogh smites you!
* * * LOW HITPOINT WARNING * * *
You barely miss the orc priest.
The orc priest is heavily wounded.
The orc priest closely misses you.
You hit the orc priest.
The orc priest is heavily wounded.
The orc priest hits you with a +0 hand axe.
You die...

...### ##....#####..# #...#.
.....# ####........# #..###
.....####### ########.## #.#.#.
...<.......# #...# #.##.#
..)........##### #...#####.##.#
.....#......)..# #.........##.#
....##.##..#.#.#####...#####.....
....##.##..#.#.#...........#.##.#
....##.#........@............##.#
....##.#..#..#.#o.รท..(....g#.....
..).##.#..#..#.#####.).#####.##.#
######.........# #.........##.#
###.##.##.# #...########g#
########.##.##.# #...# #.#
#......#.......######.### #g#
....##.###.......#......# #.#
#.#.##.###..####.#.##.#.# #..


You could see an orc priest.

Vanquished Creatures
  5 adders (D:2)
  A gnoll (D:2)
  2 worms (D:2)
  6 orcs (D:3)
  8 bats
  8 endoplasms
  2 goblins (D:2)
  3 hobgoblins
  4 quokkas
  8 ball pythons
  2 frilled lizards
  6 kobolds
  5 rats
60 creatures vanquished.

Notes
Turn   | Place    | Note
-------+----------+-------------------------------------------
     0 | D:1      | sanka the Kobold Warper began the quest for the Orb.
     0 | D:1      | Reached XP level 1. HP: 12/12 MP: 3/3
    69 | D:1      | Found a faded altar of an unknown god.
   307 | D:1      | Reached XP level 2. HP: 7/17 MP: 5/5
   930 | D:1      | Reached skill level 3 in Unarmed Combat
  1330 | D:1      | Reached XP level 3. HP: 21/21 MP: 6/6
  1748 | D:2      | Learned a level 2 spell: Blink
  1860 | D:2      | HP: 1/21 [worm (11)]
  2218 | D:2      | Reached skill level 4 in Unarmed Combat
  2218 | D:2      | Reached XP level 4. HP: 25/26 MP: 7/7
  3376 | D:2      | Noticed Natasha
  4284 | D:2      | Reached XP level 5. HP: 28/30 MP: 8/8
  4359 | D:3      | Reached skill level 5 in Unarmed Combat
  4690 | D:3      | Found a sacrificial altar of Ru.
  4806 | D:2      | Slain by an orc priest

Illustrated notes

Levels and vault maps discovered:
D:1:      ebering_hopf_link, layout_loops_corners,
          hellmonk_ecumenical_altar_pennies_from_heaven
D:2:      layout_loops_cross, nicolae_elevator_lobby_plus, uniq_natasha
D:3:      minmay_octagon_keep, layout_rooms, overflow_temple_1_default,
          minmay_statues_item, chequers_serial_rivers_large_b,
          chequers_serial_rivers_small_b, bh_walls_and_bars,
          uniq_crazy_yiuf_cottage, uniq_terence

Skill      XL: |  1  2  3  4  5 |
---------------+----------------+-----
Unarmed Combat | 3 4 5 |  5.1
Fighting       | |  2.1
Throwing       | |  1.1
Armour         | |  0.7
Dodging        | |  2.4
Spellcasting   | |  2.1
Translocations | |  3.0

Action                   |  1- 3 |  4- 6 || total
-------------------------+-------+-------++-------
Melee: Unarmed           |   118 |   135 ||   253
       Punch             |     1 |     3 ||     4
  Use: Potion            |       |     3 ||     3
       Scroll            |       |     1 ||     1
 Stab: Sleeping          |     8 |     2 ||    10
Armor: Leather armour    |    21 |    16 ||    37
Dodge: Dodged            |    78 |   102 ||   180
